 Dungeon Crawl Stone Soup version 0.25-a0-458-g6fc7858b95 (webtiles) character file.

Game seed: 17404375699072017448, levelgen mode: deterministic

259 Conn the Archer (level 5, -13/40 HPs)
             Began as a Centaur Arcane Marksman on Feb 2, 2020.
             Was a Follower of Makhleb.
             Mangled by Menkaure (24 damage)
             ... in an ossuary.
             The game lasted 00:15:53 (5160 turns).

Conn the Archer (Centaur Arcane Marksman)           Turns: 5160, Time: 00:15:56

Health: -13/40     AC:  4    Str: 13    XL:     5   Next: 94%
Magic:  6/6        EV:  9    Int: 12    God:    Makhleb [*.....]
Gold:   166        SH:  0    Dex: 10    Spells: 0/6 levels left

rFire    . . .     SeeInvis .   b - +0 long sword
rCold    . . .     Gourm    .   (no shield)
rNeg     . . .     Faith    .   e - +0 robe
rPois    .         Spirit   .   (no helmet)
rElec    .         Reflect  .   (no cloak)
rCorr    .         Harm     .   (no gloves)
MR       +....                  (no barding)
Stlth    +.........             (no amulet)
HPRegen  0.13/turn              i - ring of protection from magic
MPRegen  0.10/turn              (no ring)

@: marked, very quick
A: large, hooves 3, deformed body, speed 2, tough skin 3
a: Renounce Religion


You were in an ossuary.
You worshipped Makhleb.
Makhleb was aware of your devotion.
You were hungry.

You visited 1 branch of the dungeon, and saw 4 of its levels.
You also visited: Ossuary.

You collected 166 gold pieces.

Inventory:

Hand Weapons
 a - a +0 shortbow
 b - a +0 long sword (weapon)
 h - a +0 hunting sling
 s - a +0 short sword
Missiles
 g - 12 poisoned darts (quivered)
Armour
 c - a +0 ring mail
 e - a +0 robe (worn)
Jewellery
 i - a ring of protection from magic (left hand)
Scrolls
 j - 2 scrolls of teleportation
 k - a scroll of remove curse
 p - 2 scrolls of immolation
Potions
 m - a potion of curing
Comestibles
 f - 2 rations


   Skills:
 - Level 1.0 Fighting
 + Level 8.3 Bows
 - Level 1.3 Dodging
 - Level 1.0 Spellcasting
 - Level 2.6 Hexes


You couldn't memorise any spells.
You knew the following spells:

 Your Spells              Type           Power        Failure   Level  Hunger
a - Corona                Hex            #......      10%         1    ##.....
b - Inner Flame           Hex/Fire       #.......     45%         3    ####...
c - Slow                  Hex            #.......     16%         2    ###....

Your spell library contained the following spells:

 Spells                   Type           Power        Failure   Level  Hunger
 Portal Projectile        Hex/Tloc       #.....       45%         3    ####...
 Cause Fear               Hex            #.........   69%         4    #####..
 Leda's Liquefaction      Hex/Erth       #.........   86%         4    #####..


Dungeon Overview and Level Annotations

Branches:
Dungeon (4/15)            Ossuary (1/1)
 Temple: D:4-7

Altars:
Makhleb
Qazlal
Xom

Annotations:
Ossuary Menkaure


Innate Abilities, Weirdness & Mutations

You have hooves in place of feet.
Armour fits poorly on your strangely shaped body.
You cover ground very quickly.
You have extremely tough skin. (AC +3)


Message History

Makhleb accepts your kill.
You feel your strength returning.
Menkaure calls on the powers of darkness!
Your body is wracked with pain!
You feel better.
Menkaure gestures at you while chanting.
Pain shoots through your body!
Okay, then.
As you read the scroll labeled FAB DAHIRCHOLAU, it crumbles to dust.
It is a scroll of identify.
h - a +0 hunting sling Menkaure hits you!
You hit Menkaure.
Menkaure is heavily damaged.
Menkaure hits you.
* * * LOW HITPOINT WARNING * * *
A mummy comes into view.
Menkaure hits you!!
Ouch! That really hurt!
You die...

##..##..##..####..##..##..##
##..##..##..## ##..##..##..#
##..##..##..## ##^.##..##.^
##..##..##..## ##..##..##.
##..##..##..## ##..##.^##
##..##.^##..## ##.^##..#
#^.##..##^.## ##..##.^
..##..##..############## ##..##.
.##..##......^..@MZZZM.M ##.^##
##..##########################..#
#.^.............^.....^..........
#################################
...^........................^....
#################################


You could see Menkaure, 2 mummies, a gnoll zombie, a hobgoblin skeleton and a
kobold skeleton.

Vanquished Creatures
  An orc wizard (D:3)
  Natasha (thrice) (D:2)
  2 mummies
  2 adders
  An ooze (D:1)
  2 worms (D:2)
  2 dart slugs
  3 leopard geckos
  8 orcs (D:3)
  2 giant cockroaches
  2 goblins
  4 hobgoblins
  2 quokkas (D:3)
  3 ball pythons
  15 bats
  3 frilled lizards
  4 gnoll skeletons (Ossuary)
  6 gnoll zombies (Ossuary)
  2 goblin skeletons (Ossuary)
  3 goblin zombies (Ossuary)
  4 hobgoblin skeletons (Ossuary)
  5 hobgoblin zombies (Ossuary)
  3 kobolds
  A kobold skeleton (Ossuary)
  3 kobold zombies (Ossuary)
  3 orc skeletons (Ossuary)
  5 orc zombies (Ossuary)
  6 rats
  7 rat skeletons (Ossuary)
  A rat zombie (Ossuary)
108 creatures vanquished.

Vanquished Creatures (others)
  A goblin zombie (Ossuary)
  An orc skeleton (Ossuary)
2 creatures vanquished.

Grand Total: 110 creatures vanquished

Notes
Turn   | Place    | Note
-------+----------+-------------------------------------------
     0 | D:1      | Conn the Centaur Arcane Marksman began the quest for the
                  | Orb.
     0 | D:1      | Reached XP level 1. HP: 16/16 MP: 2/2
    30 | D:1      | Reached skill level 3 in Bows
   349 | D:1      | Reached XP level 2. HP: 19/23 MP: 3/3
   454 | D:1      | HP: 1/23 [leopard gecko (5)]
   472 | D:1      | Reached skill level 4 in Bows
  1167 | D:1      | Reached XP level 3. HP: 25/28 MP: 4/4
  1245 | D:2      | Noticed Natasha
  1255 | D:2      | Killed Natasha
  1255 | D:2      | Reached skill level 5 in Bows
  1384 | D:2      | Noticed Natasha
  1397 | D:2      | Killed Natasha
  1397 | D:2      | Reached skill level 6 in Bows
  1397 | D:2      | Reached XP level 4. HP: 23/35 MP: 5/5
  1804 | D:2      | Found a stormy altar of Qazlal.
  1823 | D:2      | Noticed Natasha
  1834 | D:2      | Killed Natasha
  2911 | D:3      | Reached skill level 7 in Bows
  2911 | D:3      | Reached XP level 5. HP: 32/40 MP: 6/6
  3137 | D:3      | Learned a level 3 spell: Inner Flame
  3140 | D:3      | Learned a level 2 spell: Slow
  3186 | D:3      | Found a shimmering altar of Xom.
  4020 | D:3      | Found a burning altar of Makhleb.
  4020 | D:3      | Noticed an Executioner
  4025 | D:3      | Noticed a smoke demon
  4025 | D:3      | Noticed a hellwing
  4027 | D:3      | Became a worshipper of Makhleb the Destroyer
  4100 | D:4      | Found a sand-covered staircase.
  4291 | Ossuary  | Entered an ossuary
  4367 | Ossuary  | Reached skill level 8 in Bows
  4788 | Ossuary  | Reached * piety under Makhleb
  5146 | Ossuary  | Noticed Menkaure
  5160 | Ossuary  | Mangled by Menkaure

Levels and vault maps discovered:
D:1:      dpeg_arrival_long_road, layout_basic, minmay_pentomino_q2
D:2:      layout_basic, first_ration, grunt_qazlal_clouds, uniq_natasha
D:3:      layout_loops_ring, makhleb_altar_promises_db,
          nicolae_overflow_hidden_temple, kennysheep_decorative_pillar,
          chequers_serial_rivers_large_b
D:4:      layout_basic, overflow_temple_1_default, minitemple,
          minmay_temple_entry_junction, gup_ossuary_entry_pyramid
Ossuary:  ossuary_due_pyramid

Skill      XL: |  1  2  3  4  5 |
---------------+----------------+-----
Bows           | 3 4 6 7 8 |  8.3
Fighting       | |  1.0
Dodging        | |  1.3
Spellcasting   | |  1.0
Hexes          | |  2.6

Action                   |  1- 3 |  4- 6 || total
-------------------------+-------+-------++-------
Melee: Unarmed           |    32 |       ||    32
       Kick              |     5 |    31 ||    36
       Short sword       |    42 |    56 ||    98
       Long sword        |       |   116 ||   116
 Fire: Shortbow          |    32 |    87 ||   119
Throw: Dart              |       |    13 ||    13
  Use: Scroll            |     3 |     5 ||     8
       Potion            |     2 |     7 ||     9
  Eat: Chunk             |     1 |     6 ||     7
       Ration            |       |     1 ||     1
Armor: Robe              |    59 |    63 ||   122
       Skin              |       |    28 ||    28
Dodge: Dodged            |    59 |    71 ||   130
       Rpst.: Long sword |       |    10 ||    10

Table legend:
 A = Non-vault XP
 B = Vault XP
 C = Vault XP percentage of total XP
 D = Non-vault monster count
 E = Vault monster count
 F = Vault count percentage of total count
                 A         B        C        D         E       F
            +---------+---------+-------+---------+---------+-------
      Total |     254 |     116 |  31.4 |      59 |      45 |  43.3
            +---------+---------+-------+---------+---------+-------
        D:1 |      39 |       2 |   4.9 |      21 |       2 |   8.7
        D:2 |     116 |      35 |  23.2 |      19 |       1 |   5.0
        D:3 |      99 |       0 |   0.0 |      19 |       0 |   0.0
        D:4 |       0 |      18 | 100.0 |       0 |       1 | 100.0
    Ossuary |       0 |      61 | 100.0 |       0 |      41 | 100.0
            +---------+---------+-------+---------+---------+-------
